 Dungeon Crawl Stone Soup version 0.23.1 (webtiles) character file.

Game seed: 384204017695351298

212 PentaManta the Vandal (level 6, -2/37 HPs)
             Began as a Halfling Arcane Marksman on Mar 12, 2019.
             Slain by a water moccasin zombie (6 damage)
             ... in an ossuary.
             The game lasted 00:12:40 (3474 turns).

PentaManta the Vandal (Halfling Arcane Marksman)    Turns: 3474, Time: 00:12:41

Health: -2/37      AC:  2    Str: 12    XL:     6   Next: 13%
Magic:  7/7        EV: 17    Int: 11    God:
Gold:   83         SH:  6    Dex: 16    Spells: 6/7 levels left

rFire    . . .     SeeInvis .   (weapon restricted)
rCold    . . .     Gourm    .   (shield restricted)
rNeg     . . .     Faith    .   e - +0 robe
rPois    .         Spirit   .   (no helmet)
rElec    .         Reflect  +   (no cloak)
rCorr    .         Harm     .   (no gloves)
MR       .....                  (no boots)
Stlth    +.........             g - +6 amulet of reflection
HPRegen  0.12/turn              (no ring)
MPRegen  0.10/turn              (no ring)

@: no status effects
A: small, mutation resistance 1
a: no special abilities


You were in an ossuary.
You were not hungry.

You visited 1 branch of the dungeon, and saw 4 of its levels.
You also visited: Ossuary.

You collected 83 gold pieces.

Inventory:

Hand Weapons
 a - a +0 hunting sling
Armour
 e - a +0 robe (worn)
Jewellery
 g - a +6 amulet of reflection (around neck)
Comestibles
 f - a ration


   Skills:
 - Level 0.8 Fighting
 * Level 7.2 Slings
 + Level 4.0 Dodging
 - Level 1.0 Spellcasting
 - Level 2.4 Hexes


You had 6 spell levels left.
You knew the following spells:

 Your Spells              Type           Power        Failure   Level  Hunger
a - Corona                Hex            #......      12%         1    ##.....

Your spell library contained the following spells:

 Spells                   Type           Power        Failure   Level  Hunger
 Slow                     Hex            #.......     19%         2    ###....
 Inner Flame              Hex/Fire       #.......     52%         3    ####...
 Portal Projectile        Hex/Tloc       #.....       52%         3    ####...
 Cause Fear               Hex            #.........   77%         4    #####..
 Leda's Liquefaction      Hex/Erth       #.........   89%         4    #####..


Dungeon Overview and Level Annotations

Branches:
Dungeon (4/15)
 Temple: D:4-7

Altars:


Innate Abilities, Weirdness & Mutations

You are small and have problems with some larger weapons.
You are somewhat resistant to further mutation.


Message History

An arrow hits the water moccasin zombie!
There is an arrow trap here.
An arrow misses the adder zombie!
There is an open door here.
You hit the water moccasin zombie.
The water moccasin zombie is severely damaged.
The water moccasin zombie barely misses you.
The water moccasin zombie bites you.
* * * LOW HITPOINT WARNING * * *
You hit the water moccasin zombie.
The water moccasin zombie is severely damaged.
The water moccasin zombie barely misses you.
You hit the water moccasin zombie.
The water moccasin zombie is almost destroyed.
The water moccasin zombie bites you.
* * * LOW HITPOINT WARNING * * *
You barely miss the water moccasin zombie.
The water moccasin zombie is almost destroyed.
The water moccasin zombie bites you.
You die...

######### ####
##
#∩..#...#!?!!#
.#
#^^ZZ@∩.#![$!+
.#
#^..#...#!!?!#
.# #^^.#####
#### .# #.Z^#
.# #'### ###'#
#.^^# #..^#
#...# #...#
#..^# #.^^#
#^.^# #^^^#


You could see an adder zombie and a water moccasin zombie.

Vanquished Creatures
  A water moccasin zombie (Ossuary)
  3 big kobold zombies (Ossuary)
  An ooze (D:1)
  5 adder zombies (Ossuary)
  An adder skeleton (D:4)
  4 dart slugs
  A leopard gecko (D:2)
  A giant cockroach (D:2)
  6 gnoll zombies (Ossuary)
  8 goblins
  6 hobgoblins
  5 jackals (D:1)
  6 kobolds
  2 quokkas (D:2)
  A ball python (D:2)
  4 bats
  5 frilled lizards
  3 hobgoblin zombies (Ossuary)
  2 kobold zombies (Ossuary)
  6 orc zombies (Ossuary)
  6 rats
77 creatures vanquished.

Vanquished Creatures (others)
  A big kobold zombie (Ossuary)
1 creature vanquished.

Grand Total: 78 creatures vanquished

Notes
Turn   | Place    | Note
-------+----------+-------------------------------------------
     0 | D:1      | PentaManta the Halfling Arcane Marksman began the quest for
                  | the Orb.
     0 | D:1      | Reached XP level 1. HP: 12/12 MP: 2/2
   260 | D:1      | Reached XP level 2. HP: 2/18 MP: 3/3
   624 | D:1      | Reached skill level 4 in Slings
   757 | D:1      | Reached XP level 3. HP: 18/22 MP: 4/4
  1164 | D:2      | Reached skill level 5 in Slings
  1220 | D:2      | Reached XP level 4. HP: 27/27 MP: 5/5
  1834 | D:4      | Found a sand-covered staircase.
  1839 | Ossuary  | Entered an ossuary
  2290 | Ossuary  | HP: 1/27 [adder zombie (3)]
  2346 | Ossuary  | Reached skill level 6 in Slings
  2346 | Ossuary  | Reached XP level 5. HP: 10/32 MP: 6/6
  2818 | Ossuary  | Reached skill level 7 in Slings
  2818 | Ossuary  | Reached XP level 6. HP: 10/37 MP: 7/7
  3474 | Ossuary  | Slain by a water moccasin zombie

Skill      XL: |  1  2  3  4  5 |
---------------+----------------+-----
Slings         | 4 5 6 7 |  7.2
Dodging        | 3 4 |  4.0
Fighting       | |  0.8
Spellcasting   | |  1.0
Hexes          | |  2.4

Action                   |  1- 3 |  4- 6 || total
-------------------------+-------+-------++-------
Melee: Unarmed           |       |    52 ||    52
       Hunting sling     |       |    30 ||    30
 Fire: Hunting sling     |   108 |   151 ||   259
Throw: Tomahawk          |       |    53 ||    53
  Use: Scroll            |       |     5 ||     5
       Potion            |       |     3 ||     3
 Stab: Invisible         |       |     1 ||     1
  Eat: Ration            |       |     2 ||     2
       Chunk             |       |     1 ||     1
Armor: Robe              |     5 |    22 ||    27
Dodge: Dodged            |    28 |   183 ||   211
Block: Other             |       |    53 ||    53
